[Event "Titled Tuesday Blitz August 22 Early 2023"]
[White "ATM622"]
[Black "Blanco Ronquillo, Humberto L."]
[BlackFideId "3504239"]
[WhiteElo "2523"]
[BlackElo "2703"]
[Result "1-0"]
[Round "10"]
[TimeControl "180+1"]
[Date "2023.08.22"]
[WhiteClock "0:01:23"]
[BlackClock "0:00:12"]
[Board "63"]

1. d4 d5 2. c4 c6 3. Nf3 Nf6 4. Nbd2 Bf5 5. Nh4 Be6 6. g3 dxc4 7. Nhf3 Bd5 8. Bg2 e6 9. O-O Be7 10. Qc2 Bxf3 11. Nxf3 b5 12. a4 Nd5 13. Ne5 O-O 14. axb5 cxb5 15. b3 cxb3 16. Qxb3 a6 17. Bd2 Bd6 18. Bxd5 exd5 19. Qxd5 Ra7 20. Nc6 Nxc6 21. Qxc6 Qf6 22. e3 Rfa8 23. Ra5 Qd8 24. Rfa1 Rc8 25. Qd5 Qb6 26. Kg2 h6 27. e4 Rd8 28. Be3 Bb4 29. Rxa6 Rxd5 30. Rxb6 Rxa1 31. Rb8+ Kh7 32. exd5 Rd1 33. Rxb5 Bc3 34. d6 Bxd4 35. Rd5 1-0


[Site "https://www.chess.com"]

[Event "Titled Tuesday Blitz August 22 Early 2023"]
[White "Petrosian, Karlen"]
[Black "Pax-Pramana"]
[WhiteFideId "4176146"]
[WhiteElo "2694"]
[BlackElo "2520"]
[Result "1-0"]
[Round "10"]
[TimeControl "180+1"]
[Date "2023.08.22"]
[WhiteClock "0:01:14"]
[BlackClock "0:00:33"]
[Board "64"]

1. e4 e6 2. d4 d5 3. Nc3 Bb4 4. Ne2 Nc6 5. e5 f6 6. exf6 Qxf6 7. Be3 Nh6 8. Bxh6 Qxh6 9. Qd2 Qxd2+ 10. Kxd2 O-O 11. f4 Ne7 12. a3 Bd6 13. g3 Bd7 14. Bh3 c5 15. Rae1 Nf5 16. Nd1 Nxd4 17. Nxd4 cxd4 18. Bxe6+ Bxe6 19. Rxe6 Rfd8 20. Nf2 Rac8 21. Rhe1 Kf7 22. Nd3 h5 23. h4 Rc7 24. R1e2 a5 25. Ne1 Rc6 26. Kd3 b5 27. Nf3 Rdc8 28. Nxd4 Rb6 29. Nf5 Bc5 30. Rxb6 Bxb6 31. Nd6+ 1-0


[Site "https://www.chess.com"]

[Event "Titled Tuesday Blitz August 22 Early 2023"]
[White "only_strong_moves"]
[Black "Kavutskiy, Konstantin"]
[BlackFideId "2026384"]
[WhiteElo "2518"]
[BlackElo "2671"]
[Result "1-0"]
[Round "10"]
[TimeControl "180+1"]
[Date "2023.08.22"]
[WhiteClock "0:00:14"]
[BlackClock "0:00:33"]
[Board "65"]

1. d4 Nf6 2. Nc3 d5 3. Bf4 g6 4. e3 Bg7 5. h4 h5 6. Nf3 O-O 7. Ne5 c5 8. a3 cxd4 9. exd4 Nc6 10. Be2 Bf5 11. Nxc6 bxc6 12. Qd2 Nd7 13. O-O e5 14. dxe5 Nxe5 15. Bg5 Qb6 16. Na4 Qc7 17. c3 Rfe8 18. Bh6 Bg4 19. Bxg7 Kxg7 20. f3 Bf5 21. Qd4 Kh7 22. Nc5 Qe7 23. Rae1 Rab8 24. b4 Qd6 25. f4 Ng4 26. Bxg4 hxg4 27. Re5 f6 28. Re3 Kg7 29. Rfe1 Rxe3 30. Qxe3 Kf7 31. Qd4 Rh8 32. g3 Rb8 33. Na6 Rd8 34. Qxa7+ Rd7 35. Qd4 g5 36. Nc5 Ra7 37. hxg5 fxg5 38. Re5 Kg6 39. Rxf5 Kxf5 40. Qd3+ Kf6 41. Ne4+ Ke7 42. Nxd6 Kxd6 43. Qg6+ Kc7 44. Qg7+ Kb6 45. Qd4+ 1-0


[Site "https://www.chess.com"]

[Event "Titled Tuesday Blitz August 22 Early 2023"]
[White "Ovchinnikov, Vsevolod"]
[Black "Korelskiy, Egor"]
[WhiteFideId "24176842"]
[BlackFideId "34329064"]
[WhiteElo "2652"]
[BlackElo "2517"]
[Result "1/2-1/2"]
[Round "10"]
[TimeControl "180+1"]
[Date "2023.08.22"]
[WhiteClock "0:00:08"]
[BlackClock "0:00:04"]
[Board "66"]

1. d4 d5 2. c4 e6 3. Nf3 c6 4. Nbd2 f5 5. g3 Nf6 6. Bg2 Bd6 7. O-O O-O 8. Qc2 Qe7 9. a3 Nbd7 10. b4 b6 11. c5 Bc7 12. Bb2 Ba6 13. Rfe1 bxc5 14. bxc5 Ne4 15. e3 Rfb8 16. Bc3 Ndf6 17. h3 Qd8 18. Bb4 Ba5 19. Nb3 Bxb4 20. axb4 Qc8 21. Ra4 Bb5 22. Ra3 Bc4 23. Na5 Rxb4 24. Ne5 Bb5 25. Bf1 Bxf1 26. Rxf1 Qa6 27. Ra2 Qb5 28. Naxc6 Rb3 29. Na5 Rc3 30. Qb2 Qxb2 31. Rxb2 a6 32. Ra1 Nxf2 33. Kxf2 Ne4+ 34. Kf3 Ng5+ 35. Ke2 Ne4 36. g4 Ng3+ 37. Kd2 Ne4+ 38. Ke2 fxg4 39. hxg4 Rf8 40. Nd3 Ng3+ 41. Kd2 Ne4+ 42. Ke2 Ng3+ 43. Kd2 Ne4+ 44. Ke2 1/2-1/2


[Site "https://www.chess.com"]

[Event "Titled Tuesday Blitz August 22 Early 2023"]
[White "Glavina, Pablo"]
[Black "Tregubov, Pavel V."]
[WhiteFideId "100234"]
[BlackFideId "4115341"]
[WhiteElo "2515"]
[BlackElo "2642"]
[Result "0-1"]
[Round "10"]
[TimeControl "180+1"]
[Date "2023.08.22"]
[WhiteClock "0:01:56"]
[BlackClock "0:01:19"]
[Board "67"]

1. c4 Nf6 2. Nc3 e5 3. Nf3 Nc6 4. g3 Bc5 5. Nxe5 Bxf2+ 6. Kxf2 Nxe5 7. e4 c5 8. d4 cxd4 9. Qxd4 O-O 10. Bf4 Re8 11. Be2 Nc6 12. Qd2 Nxe4+ 13. Nxe4 Rxe4 14. Bd3 Re8 15. Rhe1 d6 16. Bxd6 Bh3 17. Qf4 Qb6+ 18. c5 Qxb2+ 19. Be2 Rxe2+ 0-1


[Site "https://www.chess.com"]

[Event "Titled Tuesday Blitz August 22 Early 2023"]
[White "Kovalevsky, Stanislav"]
[Black "Chen, Ryo"]
[WhiteFideId "13508598"]
[BlackFideId "7003072"]
[WhiteElo "2508"]
[BlackElo "2627"]
[Result "0-1"]
[Round "10"]
[TimeControl "180+1"]
[Date "2023.08.22"]
[WhiteClock "0:00:12"]
[BlackClock "0:01:04"]
[Board "68"]

1. c4 Nf6 2. Nc3 g6 3. g3 Bg7 4. Bg2 O-O 5. e4 d6 6. Nge2 c5 7. O-O Nc6 8. a3 Ne8 9. Rb1 a5 10. d3 Nc7 11. f4 Ne6 12. h3 Ned4 13. Nxd4 Nxd4 14. Ne2 Bd7 15. Kh2 b5 16. cxb5 Nxe2 17. Qxe2 Bxb5 18. b4 cxb4 19. axb4 a4 20. Bb2 Bxb2 21. Rxb2 Qb6 22. Ra1 Qd4 23. Ra3 Rac8 24. h4 Rc3 25. Rxc3 Qxc3 26. Qd2 Rc8 27. f5 a3 28. Ra2 Bxd3 29. Qg5 Bc4 30. fxg6 hxg6 31. Rf2 a2 32. h5 a1=Q 33. hxg6 Qh8+ 34. Bh3 f6 35. Qg4 Rf8 36. e5 Qxe5 37. Qxc4+ Kg7 38. Re2 Qf5 39. Rxe7+ Kxg6 40. Qh4 Qxh4 41. gxh4 Qf2+ 42. Bg2 Qxh4+ 43. Kg1 Qd4+ 44. Kh1 Rh8+ 0-1


[Site "https://www.chess.com"]

[Event "Titled Tuesday Blitz August 22 Early 2023"]
[White "Devaev, Alexander"]
[Black "HamedWafa4"]
[WhiteFideId "4169395"]
[WhiteElo "2505"]
[BlackElo "2616"]
[Result "1-0"]
[Round "10"]
[TimeControl "180+1"]
[Date "2023.08.22"]
[WhiteClock "0:00:13"]
[BlackClock "0:00:40"]
[Board "69"]

1. d4 Nf6 2. c4 e6 3. Nf3 Bb4+ 4. Bd2 Bxd2+ 5. Qxd2 O-O 6. Nc3 d5 7. e3 b6 8. cxd5 Nxd5 9. Rc1 Bb7 10. Be2 Nd7 11. Nxd5 Bxd5 12. b4 Nf6 13. O-O Ne4 14. Qb2 Rc8 15. Ba6 Rb8 16. Bd3 Nd6 17. Qc2 Bxf3 18. gxf3 Qg5+ 19. Kh1 Qh5 20. Be2 Rbc8 21. Qc6 g6 22. Rc2 e5 23. f4 Qh3 24. fxe5 Nf5 25. Qg2 Qh4 26. b5 Kh8 27. Rfc1 Qe7 28. a4 Qb4 29. Rc4 Qb2 30. R1c2 Qa1+ 31. Qf1 Qa3 32. Bg4 f6 33. e4 h5 34. Qh3 Qa1+ 35. Rc1 Qa2 36. exf5 Kg7 37. fxg6 Rh8 38. Bf3 Qxf2 39. Qg2 Qe3 40. Rxc7+ Rxc7 41. Rxc7+ Kh6 42. g7 Rg8 43. exf6 Qxd4 44. Rc1 Qxf6 45. Rd1 Rxg7 46. Qd2+ Kh7 47. Be4+ Kh8 48. Qd8+ Qxd8 49. Rxd8+ Rg8 50. Rxg8+ Kxg8 51. Kg2 Kf7 52. Kg3 Kf6 53. Kh4 Ke5 54. Bg6 Kd4 55. Bxh5 Kc4 56. Bd1 Kb4 57. Kg5 1-0


[Site "https://www.chess.com"]

[Event "Titled Tuesday Blitz August 22 Early 2023"]
[White "Kuzmin, Roman"]
[Black "Vlassov, Nikolai"]
[WhiteFideId "44134932"]
[BlackFideId "4103360"]
[WhiteElo "2505"]
[BlackElo "2610"]
[Result "1-0"]
[Round "10"]
[TimeControl "180+1"]
[Date "2023.08.22"]
[WhiteClock "0:00:09"]
[BlackClock "0:00:06"]
[Board "70"]

1. e4 Nc6 2. Nf3 d5 3. exd5 Qxd5 4. Nc3 Qa5 5. h3 Nf6 6. Bc4 e5 7. O-O Bd6 8. d4 exd4 9. Re1+ Be6 10. Nxd4 Nxd4 11. Qxd4 O-O-O 12. Bxe6+ fxe6 13. Qc4 e5 14. Be3 a6 15. a3 e4 16. Nxe4 Nxe4 17. Qxe4 Rhe8 18. Qg4+ Kb8 19. b4 Qe5 20. Ba7+ Kxa7 21. Rxe5 Bxe5 22. Rd1 Rxd1+ 23. Qxd1 Bb2 24. Qd3 Re1+ 25. Kh2 Ra1 26. Qxh7 Rxa3 27. Qg6 Be5+ 28. g3 Rf3 29. Qe4 Rxf2+ 30. Kg1 Bxg3 31. Qe3+ Kb8 32. Qxg3 Rf7 33. Qe3 Rf6 34. h4 b6 35. Kg2 Kb7 36. h5 a5 37. bxa5 bxa5 38. Qg5 Rc6 39. Qb5+ Rb6 40. Qxa5 Rh6 41. Qg5 Kb6 42. Kg3 c5 43. Qxg7 Rxh5 44. Qg6+ Kb5 45. Qxh5 1-0


[Site "https://www.chess.com"]

[Event "Titled Tuesday Blitz August 22 Early 2023"]
[White "Arat, Ufuk Sezen"]
[Black "Yurasova, Daria"]
[WhiteFideId "6309089"]
[BlackFideId "34146919"]
[WhiteElo "2606"]
[BlackElo "2502"]
[Result "1-0"]
[Round "10"]
[TimeControl "180+1"]
[Date "2023.08.22"]
[WhiteClock "0:01:01"]
[BlackClock "0:00:00"]
[Board "71"]

1. e4 e5 2. Nf3 Nc6 3. c3 d5 4. Qa4 Nf6 5. Nxe5 Bd6 6. Nxc6 bxc6 7. exd5 O-O 8. Be2 Re8 9. d3 Nxd5 10. Nd2 Nf4 11. Ne4 Nxe2 12. Be3 Nf4 13. Nxd6 Qxd6 14. O-O-O Nxd3+ 15. Kb1 Bf5 16. Ka1 Qe5 17. Qxc6 Qa5 18. Qc4 Ne5 19. Qd5 Qxd5 20. Rxd5 Be4 21. Rc5 Ng4 22. Bd4 Bxg2 23. Rg1 Bf3 24. h3 c6 25. hxg4 Re2 26. a4 Rae8 27. Ka2 Bd5+ 28. c4 Bf3 29. Rg3 Be4 30. f3 Bc2 31. Rxc6 Bxa4 32. Ra6 Bc2 33. f4 Re1 34. c5 h6 35. c6 Rc8 36. Rc3 Be4 37. c7 Bd5+ 38. b3 Re2+ 39. Ka3 Re1 40. Rd6 Be6 41. f5 Bxf5 42. gxf5 h5 43. Rd8+ 1-0


[Site "https://www.chess.com"]

[Event "Titled Tuesday Blitz August 22 Early 2023"]
[White "Ahmad, Khagan"]
[Black "Reprintsev, Alexander"]
[WhiteFideId "13431552"]
[BlackFideId "14100541"]
[WhiteElo "2606"]
[BlackElo "2495"]
[Result "0-1"]
[Round "10"]
[TimeControl "180+1"]
[Date "2023.08.22"]
[WhiteClock "0:00:06"]
[BlackClock "0:00:14"]
[Board "72"]

1. e4 d5 2. exd5 Qxd5 3. Nc3 Qd6 4. d4 c6 5. Nf3 Bf5 6. Bc4 e6 7. Qe2 Nf6 8. O-O Be7 9. Bg5 Nbd7 10. Rad1 O-O 11. Ne5 Nb6 12. Bb3 h6 13. Bf4 Qd8 14. Bg3 Bh7 15. Rfe1 Nbd5 16. Nxd5 cxd5 17. c4 dxc4 18. Bxc4 a6 19. Nxf7 Kxf7 20. Qxe6+ Ke8 21. Bd6 Ng8 22. d5 Rf6 23. Bxe7 Rxe6 24. Rxe6 Nxe7 25. d6 Bg8 26. Rxe7+ Qxe7 27. dxe7 Bxc4 28. b3 Be6 29. Rc1 Rc8 30. Re1 Kxe7 31. f4 Kf6 32. Re2 Rc3 33. Rd2 Ke7 34. Kf2 g6 35. h3 h5 36. Re2 h4 37. Kg1 a5 38. Kh2 b6 39. Re5 Kf6 40. Rb5 Rc6 41. a4 Rd6 42. b4 Bd7 43. Re5 axb4 44. Re4 Bxa4 45. Rxb4 Bd7 46. f5 Bxf5 47. Rxh4 b5 48. Rb4 Bd3 49. g4 Bc4 50. Kg3 Rd3+ 51. Kf4 g5+ 52. Ke4 Rxh3 53. Rb2 Rg3 54. Rf2+ Kg6 55. Ke5 Rxg4 56. Rf6+ Kg7 57. Rb6 Rf4 58. Rb7+ Rf7 59. Rb6 g4 60. Ra6 g3 61. Ra3 Kf8 62. Rxg3 Ke7 63. Kd4 Kd6 64. Rg6+ Kc7 65. Kc5 Kb7 66. Rb6+ Ka7 67. Rh6 Rb7 68. Kb4 Re7 69. Ka5 Kb7 70. Rb6+ Kc7 71. Rh6 Re3 72. Rh7+ Kd6 73. Rh6+ Kc5 74. Rh5+ Kd4 75. Rh4+ Kc3 76. Rh1 Re2 77. Rc1+ Rc2 78. Rb1 Ra2+ 79. Kb6 Rb2 80. Kc5 0-1


[Site "https://www.chess.com"]

[Event "Titled Tuesday Blitz August 22 Early 2023"]
[White "arenal72"]
[Black "Erzhanov, Arman"]
[BlackFideId "4138821"]
[WhiteElo "2502"]
[BlackElo "2598"]
[Result "1-0"]
[Round "10"]
[TimeControl "180+1"]
[Date "2023.08.22"]
[WhiteClock "0:00:05"]
[BlackClock "0:00:02"]
[Board "73"]

1. e4 d6 2. d4 Nf6 3. Nc3 c6 4. f4 d5 5. e5 Ng8 6. Nf3 h5 7. h3 Nh6 8. Bd3 Bf5 9. O-O e6 10. Ne2 Be7 11. c3 h4 12. Be3 Nd7 13. Bf2 Bxd3 14. Qxd3 Nf5 15. b4 g6 16. a4 Kf8 17. a5 Kg7 18. Rfb1 Qc7 19. Kh2 b6 20. g4 hxg3+ 21. Nxg3 Nxg3 22. Kxg3 b5 23. h4 Rh5 24. Rh1 Rah8 25. Kg2 Qd8 26. Bg3 f6 27. Rag1 fxe5 28. fxe5 Rf5 29. Bf2 Qf8 30. Kf1 Rh6 31. Ke2 Qf7 32. Rh3 Nf8 33. Rhg3 Kh7 34. Rg4 Rhh5 35. Be1 Qg7 36. Bd2 Kg8 37. Bg5 Kf7 38. Bxe7 Kxe7 39. Rg5 Rhxg5 40. Rxg5 Rf4 41. Kd1 Qf7 42. Nd2 Rf2 43. Qg3 Kd7 44. h5 Rf5 45. h6 Rf2 46. Rg4 Qf5 47. Ke1 Rh2 48. Qxh2 Qxg4 49. h7 Nxh7 50. Qxh7+ Kc8 51. Qg8+ Kb7 52. Qf7+ Ka6 53. Qd7 Qh4+ 54. Kd1 Qg4+ 55. Kc2 Qf5+ 56. Kb2 Qc2+ 57. Kxc2 g5 58. Qc8# 1-0


[Site "https://www.chess.com"]

[Event "Titled Tuesday Blitz August 22 Early 2023"]
[White "Yurovskykh, Oleksandr"]
[Black "Hirneise, Jens"]
[WhiteFideId "14134020"]
[BlackFideId "24614734"]
[WhiteElo "2588"]
[BlackElo "2493"]
[Result "1-0"]
[Round "10"]
[TimeControl "180+1"]
[Date "2023.08.22"]
[WhiteClock "0:00:15"]
[BlackClock "0:00:11"]
[Board "74"]

1. d4 Nf6 2. Nf3 b6 3. Bf4 Bb7 4. e3 e6 5. Bd3 d6 6. h3 Be7 7. Nbd2 O-O 8. O-O Nbd7 9. Qe2 Re8 10. a4 a6 11. Bh2 Bf8 12. e4 e5 13. d5 Nh5 14. Nxe5 dxe5 15. Qxh5 Bc5 16. Kh1 g6 17. Qe2 Qh4 18. Bg3 Qg5 19. Kh2 Bd6 20. Nc4 Qe7 21. Nxd6 Qxd6 22. f3 g5 23. Bf2 Nf8 24. Be3 h6 25. Rfc1 Ng6 26. c4 Nf4 27. Qd2 c5 28. a5 Rec8 29. Bf1 Rab8 30. axb6 Qxb6 31. b4 Qxb4 32. Qxb4 cxb4 33. c5 Bxd5 34. exd5 Nxd5 35. Bf2 b3 36. Rcb1 b2 37. Ra3 a5 38. Bc4 Nf6 39. Rxa5 Rb4 40. Bd3 Nd5 41. Be1 Rd4 42. Be4 Nf6 43. Rxb2 Nxe4 44. fxe4 Rxe4 45. Bf2 Rc4 46. Raa2 f5 47. Rc2 Rxc2 48. Rxc2 Kf7 49. c6 Ke6 50. c7 e4 51. Bb6 Kd6 52. Rd2+ Kc6 53. Rd8 Kb7 54. Rxc8 Kxc8 55. g4 f4 56. Kg2 Kd7 57. Kf2 Kc8 58. Ba5 Kd7 59. Ke2 Kc8 60. Kd2 Kd7 61. Kc3 e3 62. Kd3 Kc8 63. Ke2 Kd7 64. Kf3 Kc8 65. Bc3 Kd7 66. Bg7 Kxc7 67. Bxh6 Kd6 68. Bxg5 Kd5 69. Bxf4 e2 70. Kxe2 Ke4 71. Bg3 1-0


[Site "https://www.chess.com"]

[Event "Titled Tuesday Blitz August 22 Early 2023"]
[White "Swicarz, Maciej"]
[Black "NovoselovRoman"]
[WhiteFideId "1113585"]
[WhiteElo "2482"]
[BlackElo "2585"]
[Result "1-0"]
[Round "10"]
[TimeControl "180+1"]
[Date "2023.08.22"]
[WhiteClock "0:00:15"]
[BlackClock "0:00:14"]
[Board "75"]

1. e4 d5 2. exd5 Qxd5 3. Nc3 Qd6 4. d4 Nf6 5. Nf3 c6 6. Ne5 Nbd7 7. f4 Nb6 8. g3 h5 9. Bg2 Bf5 10. Ne2 h4 11. b3 Nbd5 12. c4 Nb4 13. Ba3 h3 14. Bf3 Nc2+ 15. Qxc2 Bxc2 16. Bxd6 exd6 17. Ng4 Nxg4 18. Bxg4 Be4 19. O-O f5 20. Bf3 d5 21. c5 Be7 22. Bxe4 dxe4 23. Rad1 Rc8 24. b4 Rd8 25. Rd2 Kf7 26. Rfd1 Bf6 27. d5 cxd5 28. Rxd5 Rxd5 29. Rxd5 Ke6 30. Rd6+ Ke7 31. Kf2 Rc8 32. Rd2 b6 33. Rc2 Rd8 34. Ng1 bxc5 35. bxc5 Rd3 36. Nxh3 Kd7 37. Ke2 Kc6 38. Nf2 Rf3 39. Nd1 Bd4 40. Rc4 Rd3 41. Rc2 Bxc5 42. Nc3 Kd6 43. Nb5+ Kd5 44. Nc7+ Kd6 45. Ne8+ Kd5 46. Nxg7 Re3+ 47. Kf1 Bb4 48. Nxf5 Re1+ 49. Kg2 e3 50. Kf3 Bc5 51. h4 Rf1+ 52. Ke2 Rf2+ 53. Kd3 Rf1 54. Nxe3+ Bxe3 55. Kxe3 Rg1 56. Kf3 Ke6 57. Kg4 Kf6 58. Rc6+ Kg7 59. Rc7+ Kf6 60. Rxa7 Rg2 61. Ra6+ Kg7 62. h5 Kh7 63. Kh4 Rh2+ 64. Kg5 Rg2 65. g4 Rb2 66. Ra7+ Kh8 67. f5 Rb8 68. f6 Rc8 69. Kh6 Rg8 70. Rh7# 1-0


[Site "https://www.chess.com"]

[Event "Titled Tuesday Blitz August 22 Early 2023"]
[White "Melnichuk, Mikhail"]
[Black "Aevengho"]
[WhiteFideId "14117533"]
[WhiteElo "2480"]
[BlackElo "2584"]
[Result "0-1"]
[Round "10"]
[TimeControl "180+1"]
[Date "2023.08.22"]
[WhiteClock "0:00:00"]
[BlackClock "0:00:04"]
[Board "76"]

1. Nf3 Nf6 2. d4 g6 3. c4 Bg7 4. Nc3 O-O 5. e4 d6 6. Be2 Nbd7 7. O-O e5 8. Qc2 exd4 9. Nxd4 Re8 10. f3 c6 11. Rd1 Qe7 12. Bf4 Nh5 13. Be3 f5 14. Qd2 Nc5 15. Nb3 fxe4 16. Nxc5 exf3 17. Bg5 Qe5 18. Bxf3 dxc5 19. Kh1 Be6 20. Ne4 Bxc4 21. Nd6 Be6 22. Nxe8 Rxe8 23. Re1 Qxb2 24. Qxb2 Bxb2 25. Rab1 Bc3 26. Rec1 Bb4 27. Rd1 Ng7 28. Rbc1 Bxa2 29. Ra1 Bb3 30. Rdb1 Bd5 0-1


[Site "https://www.chess.com"]

[Event "Titled Tuesday Blitz August 22 Early 2023"]
[White "Rosh Jain"]
[Black "Chyzy, Jakub"]
[WhiteFideId "25789465"]
[BlackFideId "21806209"]
[WhiteElo "2469"]
[BlackElo "2573"]
[Result "0-1"]
[Round "10"]
[TimeControl "180+1"]
[Date "2023.08.22"]
[WhiteClock "0:00:02"]
[BlackClock "0:00:13"]
[Board "77"]

1. e4 Nf6 2. e5 Nd5 3. d4 d6 4. c4 Nb6 5. exd6 exd6 6. Nc3 Be7 7. Nf3 O-O 8. Bd3 Bf6 9. O-O Bg4 10. h3 Bh5 11. Be3 Nc6 12. g4 Bg6 13. g5 Be7 14. h4 Qd7 15. Nh2 Qh3 16. Bxg6 fxg6 17. c5 dxc5 18. dxc5 Ne5 19. cxb6 Nf3+ 20. Nxf3 Qg4+ 21. Kh1 Rxf3 22. Qd5+ Kh8 23. Qxf3 Qxf3+ 24. Kg1 Qg4+ 25. Kh1 Qxh4+ 26. Kg1 Qg4+ 27. Kh1 Bd6 28. Rfd1 Qh3+ 29. Kg1 Bh2+ 30. Kh1 Bf4+ 31. Kg1 Bxe3 32. fxe3 Qxe3+ 33. Kh1 Qh3+ 34. Kg1 Qg4+ 35. Kh1 Qh4+ 36. Kg1 Qxg5+ 37. Kh1 axb6 38. Rd4 Rf8 39. Rad1 h5 40. R4d2 Kh7 41. Rg2 Qe3 42. Rdg1 Qh3+ 43. Rh2 Qf3+ 44. Rhg2 Rf4 45. Re1 Rg4 46. Re2 Qf1+ 47. Kh2 Rh4+ 48. Kg3 Qf4# 0-1


[Site "https://www.chess.com"]

[Event "Titled Tuesday Blitz August 22 Early 2023"]
[White "Santos Flores, Alberto"]
[Black "Liu, Casper"]
[WhiteFideId "3601234"]
[BlackFideId "1454153"]
[WhiteElo "2571"]
[BlackElo "2467"]
[Result "1-0"]
[Round "10"]
[TimeControl "180+1"]
[Date "2023.08.22"]
[WhiteClock "0:00:45"]
[BlackClock "0:01:00"]
[Board "78"]

1. e4 c5 2. Nf3 d6 3. Bb5+ Bd7 4. Bxd7+ Nxd7 5. c4 g6 6. d4 cxd4 7. Nxd4 Bg7 8. Nc3 Ngf6 9. Be3 O-O 10. Rc1 a6 11. b3 Rc8 12. f3 Qa5 13. Qd2 Qh5 14. h4 Qe5 15. O-O Nh5 16. Nd5 Kh8 17. g4 e6 18. f4 Qxe4 19. Nc3 Nc5 20. Nxe4 Nxe4 21. Qg2 Nhg3 22. Rfd1 e5 23. Ne2 Nxe2+ 24. Qxe2 f5 25. gxf5 Rxf5 26. Qd3 exf4 27. Bd4 Re8 28. Re1 1-0


[Site "https://www.chess.com"]

[Event "Titled Tuesday Blitz August 22 Early 2023"]
[White "Goldin, Roman"]
[Black "Ganiev, Roman"]
[WhiteFideId "2803860"]
[BlackFideId "4131452"]
[WhiteElo "2450"]
[BlackElo "2569"]
[Result "1-0"]
[Round "10"]
[TimeControl "180+1"]
[Date "2023.08.22"]
[WhiteClock "0:00:11"]
[BlackClock "0:00:00"]
[Board "79"]

1. e4 c5 2. Nf3 d6 3. Bc4 e6 4. O-O Nf6 5. d3 Nc6 6. a3 Be7 7. Ba2 O-O 8. Nc3 Rb8 9. Ng5 h6 10. Nh3 e5 11. f4 Nd4 12. fxe5 dxe5 13. Nd5 Nxd5 14. Bxd5 Be6 15. c3 Bxd5 16. cxd4 Be6 17. d5 Bxh3 18. gxh3 f5 19. Qh5 f4 20. Qxe5 Bf6 21. Qe6+ Kh8 22. Bxf4 Bxb2 23. Bxb8 Bxa1 24. Rxf8+ Qxf8 25. Be5 Bxe5 26. Qxe5 Qf3 27. d6 Qe3+ 28. Kg2 Qe2+ 29. Kg3 Qe3+ 30. Kg4 Qe2+ 31. Kf5 Qxd3 32. Ke6 Qb3+ 33. Ke7 c4 34. d7 Qxa3+ 35. Qd6 1-0


[Site "https://www.chess.com"]

[Event "Titled Tuesday Blitz August 22 Early 2023"]
[White "Shukhman, Anna"]
[Black "Vivas Zamora, Fabian Ernesto"]
[WhiteFideId "54180058"]
[BlackFideId "3902480"]
[WhiteElo "2561"]
[BlackElo "2446"]
[Result "1-0"]
[Round "10"]
[TimeControl "180+1"]
[Date "2023.08.22"]
[WhiteClock "0:01:25"]
[BlackClock "0:00:00"]
[Board "80"]

1. e4 c5 2. Nf3 d6 3. d4 cxd4 4. Nxd4 Nf6 5. Nc3 g6 6. Be3 Bg7 7. f3 O-O 8. Qd2 Nc6 9. g4 Be6 10. Nxe6 fxe6 11. O-O-O Ne5 12. Be2 Qc8 13. h4 Nc4 14. Bxc4 Qxc4 15. h5 b5 16. hxg6 hxg6 17. Bh6 b4 18. Bxg7 Kxg7 19. Qh6+ Kf7 20. Nb1 Rac8 21. Qd2 Qxa2 22. g5 Nh5 23. Qxb4 Rc4 24. Qa3 Qxa3 25. Nxa3 Rc5 26. Rhg1 Ke8 27. Rd3 Nf4 28. Re3 Nh3 29. Rg3 Nxg5 30. b4 Re5 31. Nc4 Nf7 32. Nxe5 Nxe5 33. Ra3 Nc6 34. b5 Nd4 35. Rxg6 Nxb5 36. Rb3 a6 37. c4 1-0


[Site "https://www.chess.com"]

[Event "Titled Tuesday Blitz August 22 Early 2023"]
[White "Chor, Kevin"]
[Black "Biregina"]
[WhiteFideId "2090740"]
[WhiteElo "2560"]
[BlackElo "2417"]
[Result "1-0"]
[Round "10"]
[TimeControl "180+1"]
[Date "2023.08.22"]
[WhiteClock "0:00:38"]
[BlackClock "0:00:00"]
[Board "81"]

1. d4 c5 2. d5 Nf6 3. c4 b5 4. Qc2 bxc4 5. e4 d6 6. Bxc4 Ba6 7. f4 Bxc4 8. Qxc4 Nbd7 9. Nf3 Nb6 10. Qe2 g6 11. Nc3 Bg7 12. a4 O-O 13. a5 Nbd7 14. e5 dxe5 15. fxe5 Ng4 16. Bf4 f6 17. e6 Nde5 18. O-O Nxf3+ 19. Qxf3 Ne5 20. Bxe5 fxe5 21. Qe4 Rxf1+ 22. Rxf1 Qxa5 23. d6 Re8 24. Qc6 Qd8 25. d7 Rf8 26. Rxf8+ Bxf8 27. Qc8 Qb6 28. d8=Q 1-0


[Site "https://www.chess.com"]

[Event "Titled Tuesday Blitz August 22 Early 2023"]
[White "Young_Catalan_Player09"]
[Black "Portela Peleteiro, Alberto"]
[BlackFideId "22276106"]
[WhiteElo "2416"]
[BlackElo "2554"]
[Result "0-1"]
[Round "10"]
[TimeControl "180+1"]
[Date "2023.08.22"]
[WhiteClock "0:00:37"]
[BlackClock "0:00:15"]
[Board "82"]

1. Nf3 Nf6 2. e3 g6 3. b3 Bg7 4. Bb2 O-O 5. c4 b6 6. Nc3 Bb7 7. Be2 d5 8. Rc1 c5 9. cxd5 Nxd5 10. O-O Nc6 11. Qc2 Ncb4 12. Qb1 Nf6 13. Rfd1 Rc8 14. d4 Qc7 15. dxc5 bxc5 16. a3 Nc6 17. Bc4 e6 18. Nb5 Qb6 19. Nd6 Rcd8 20. Qa1 Nh5 21. Bxg7 Nxg7 22. Nxb7 Qxb7 23. Ne5 Na5 24. Qc3 Nxc4 25. Nxc4 Rd5 26. Rxd5 Qxd5 27. h3 Nf5 28. Qe5 Rc8 29. g3 h5 30. h4 Ne7 31. Qf6 Nc6 32. Qc3 Qf3 33. Qc2 Rd8 34. Nd2 Qe2 35. Ne4 Qxc2 36. Rxc2 Ne5 37. Nxc5 Rd1+ 38. Kg2 Ra1 39. a4 Rb1 40. Rd2 Kg7 41. Rd6 Ng4 42. Rd2 Kf6 43. a5 Kf5 44. a6 e5 45. Rd7 f6 46. Rxa7 Rb2 47. Nd3 Rxb3 48. Rd7 Ra3 49. a7 Ra2 50. e4+ Kxe4 51. Nc5+ Kf5 52. Nd3 e4 53. Rd5+ Ne5 54. Nxe5 fxe5 55. Rd7 e3 56. Kg1 e2 0-1


[Site "https://www.chess.com"]

[Event "Titled Tuesday Blitz August 22 Early 2023"]
[White "Willy, Stephen"]
[Black "Slovineanu, Viacheslav"]
[WhiteFideId "30981468"]
[BlackFideId "13900510"]
[WhiteElo "2554"]
[BlackElo "2402"]
[Result "1-0"]
[Round "10"]
[TimeControl "180+1"]
[Date "2023.08.22"]
[WhiteClock "0:00:53"]
[BlackClock "0:00:02"]
[Board "83"]

1. e4 c6 2. d4 d5 3. f3 dxe4 4. fxe4 e5 5. Nf3 Be6 6. Be3 Nd7 7. Nc3 Ngf6 8. Bd3 Bd6 9. Qd2 Qc7 10. O-O-O O-O-O 11. h3 h6 12. d5 cxd5 13. Nb5 d4 14. Bxd4 exd4 15. Nxc7 Bxc7 16. Nxd4 Nc5 17. Nxe6 fxe6 18. Qe2 Rd4 19. Rhe1 Rhd8 20. Bc4 Nfxe4 21. Rxd4 Rxd4 22. Bd3 Bf4+ 23. Kb1 Nd2+ 24. Ka1 Rd6 25. Qf2 Nxd3 26. cxd3 g5 27. g3 1-0


[Site "https://www.chess.com"]

[Event "Titled Tuesday Blitz August 22 Early 2023"]
[White "Shvedova, Alexandra"]
[Black "Konenkin, Dmitry"]
[WhiteFideId "54154782"]
[BlackFideId "4185781"]
[WhiteElo "2553"]
[BlackElo "2398"]
[Result "1-0"]
[Round "10"]
[TimeControl "180+1"]
[Date "2023.08.22"]
[WhiteClock "0:01:06"]
[BlackClock "0:00:23"]
[Board "84"]

1. d4 d6 2. c4 e5 3. g3 Nd7 4. Bg2 Ngf6 5. Nc3 Be7 6. Nf3 O-O 7. O-O c6 8. e4 a6 9. h3 Qc7 10. Be3 b5 11. cxb5 cxb5 12. Rc1 Qb8 13. Qe2 Bb7 14. d5 Rc8 15. Nh4 g6 16. a3 Nc5 17. f4 Nh5 18. Qg4 exf4 19. gxf4 Nd3 20. Nf5 Bf6 21. Rcd1 Nxb2 22. Ne2 Nxd1 23. Rxd1 Qc7 24. Ned4 Kh8 25. Nh6 Kg7 26. f5 Qe7 27. fxg6 hxg6 28. Ndf5+ Kh7 29. Nxe7 Bxe7 30. Nxf7 Rf8 31. Ng5+ Bxg5 32. Qxg5 Rae8 33. Qh6+ Kg8 34. Qxg6+ Ng7 35. Bd4 Rf7 36. Rf1 Ref8 37. Bxg7 Rxg7 38. Rxf8+ Kxf8 39. Qxd6+ Re7 40. e5 Bc8 41. Qd8+ Re8 42. Qf6+ Kg8 43. e6 Bb7 44. Qg6+ Kf8 45. Qf7# 1-0


[Site "https://www.chess.com"]